 Dungeon Crawl Stone Soup version 0.29.1-1-gd02db6906a (webtiles) character file.

Game seed: 5811251407245381225

387 Zeld the Conjurer (level 6, -9/32 HPs)
             Began as a Deep Elf Conjurer on Oct 7, 2022.
             Mangled by a sixfirhy (13 damage)
             ... summoned by a kobold demonologist
             ... on level 5 of the Dungeon.
             The game lasted 00:03:37 (5113 turns).

Zeld the Conjurer (Deep Elf Conjurer)               Turns: 5113, Time: 00:03:37

Health: -9/32      AC:  2    Str:  4    XL:     6   Next: 49%
Magic:  14/16      EV: 13    Int: 25    God:
Gold:   316        SH:  0    Dex: 13    Spells: 2/16 levels left

rFire   . . .      SeeInvis .   (no weapon)
rCold   . . .      Faith    .   (no shield)
rNeg    . . .      Spirit   .   a - +0 robe
rPois   .          Reflect  .   (no helmet)
rElec   .          Harm     .   (no cloak)
rCorr   .          Rampage  .   (no gloves)
Will    +....                   (no boots)
Stlth   +++.......              (no amulet)
HPRegen 0.10/turn               i - ring of willpower
MPRegen 0.15/turn               (no ring)

@: no status effects
A: no striking features
a: no special abilities


You were on level 5 of the Dungeon.
You visited 1 branch of the dungeon, and saw 5 of its levels.

You collected 316 gold pieces.

Inventory:

Armour
 a - a +0 robe (worn)
Jewellery
 i - a ring of willpower (left hand)
 m - a ring of protection from cold
Scrolls
 c - 2 scrolls of silence {unknown}
 d - a scroll of fear {unknown}
 e - 2 scrolls of teleportation {unknown}
 f - 3 scrolls of identify {unknown}
 h - a scroll of noise {unknown}
 k - a scroll of poison {unknown}
 l - 2 scrolls of summoning {unknown}
 n - a scroll of amnesia {unknown}
 o - a scroll of immolation {unknown}
 r - 2 scrolls of torment {unknown}
 t - 4 scrolls of enchant weapon {unknown}
Potions
 b - 2 potions of magic
 g - 2 potions of might {unknown}
 j - a potion of heal wounds {unknown}
 p - a potion of haste {unknown}
 q - 2 potions of ambrosia {unknown}
 s - a potion of brilliance {unknown}
Miscellaneous
 u - a piece from Xom's chessboard (15/15)


   Skills:
 + Level 4.1 Dodging
 + Level 4.2 Stealth
 * Level 5.9 Spellcasting
 * Level 6.1 Conjurations


You had 2 spell levels left.
You knew the following spells:

 Your Spells              Type           Power      Damage    Failure   Level
a - Magic Dart            Conj           100%       1d8       1%          1
b - Searing Ray           Conj           76%        2d7       1%          2
c - Fulminant Prism       Conj/Hex       11%        3d9       22%         4
d - Iskenderun's Mystic   Conj/Tloc      22%        2d6       22%         4
z - Tukima's Dance        Hex            7%         N/A       22%         3

Your spell library contained the following spells:

 Spells                   Type           Power      Damage    Failure   Level
 Dazzling Flash           Conj/Hex       44%        N/A       6%          3
 Portal Projectile        Hex/Tloc       14%        N/A       22%         3
 Blade Hands              Tmut           3%         N/A       91%         5


Dungeon Overview and Level Annotations

Branches:
Dungeon (5/15)
 Temple: D:4-7

Altars:
Kikubaaqudgha
Qazlal
Ru
Xom

Shops:
D:2 :


Message History

An orc comes into view. It is wielding a +0 whip.
An orc is nearby!
An orc is nearby!
An orc is nearby!
An orc comes into view. It is wielding a +0 short sword.
Found 10 gold pieces.
The orc moves out of view.
A kobold demonologist comes into view. It is wielding a +0 dagger.
An orc comes into view. It is wielding a +0 club.
The magic dart hits the orc.
The orc is moderately wounded.
The orc shouts! x2
The magic dart hits the orc.
The orc is almost dead.
The magic dart hits the orc.
You kill the orc!
The magic dart hits the kobold demonologist but does no damage.
The kobold demonologist mumbles some strange words.
The kobold demonologist casts a spell.
A hound comes into view.
The hound barks!
The hellwing swoops through the air toward you!
The hellwing barely misses you. The hellwing closely misses you.
The hound attacks as you move away! The hound bites you.
Found a stone staircase leading up.
The hellwing hits you. The hellwing hits you!
An orc comes into view. It is wielding a +0 trident.
The hound misses you.
The kobold demonologist gestures wildly while chanting.
An orc comes into view. It is wielding a +0 flail.
The orc shouts! x2
The hound closely misses you.
The orc moves out of view.
You closely miss the sixfirhy. Your punch misses the sixfirhy.
The sixfirhy barely misses you. The hound bites you. The orc barely misses you.
The kobold demonologist gestures wildly while chanting.
An orc comes into view. It is wielding a +0 club.
The hound misses you. The sixfirhy hits you. The sixfirhy shocks you!
* * * LOW HITPOINT WARNING * * *
The sixfirhy hits you!
You die...

..o #.#.#............
...##.#.#..........#
....o...........#...
................#.#
..................# #
....##.4o##...#...#.#.#.
........h.o4K...$.....$.
........3##o#.#...#.#.
.......@....5......)....
....##..............#.#.
... #.#.#####....### .
#.#.# .....# .....
......# ##.#####.......
#. #....#... #.


You could see a hellwing (summoned), a sixfirhy (summoned), a hound, a quasit
(summoned) and 4 orcs.

Vanquished Creatures
  Blork the orc (D:4)
  A necrophage (D:4)
  A howler monkey (D:4)
  An orc priest (D:3)
  A hound (D:4)
  3 iguanas
  2 adders
  A worm (D:4)
  2 dart slugs (D:4)
  9 orcs
  5 endoplasms
  5 giant cockroaches
  4 goblins
  5 hobgoblins
  A quokka (D:2)
  5 ball pythons
  6 bats
  A frilled lizard (D:3)
  5 kobolds
  A rat (D:3)
60 creatures vanquished.

Vanquished Creatures (others)
  A butterfly (D:4)
1 creature vanquished.

Grand Total: 61 creatures vanquished

Notes
Turn   | Place    | Note
-------+----------+-------------------------------------------
     0 | D:1      | Zeld the Deep Elf Conjurer began the quest for the Orb.
     0 | D:1      | Reached XP level 1. HP: 10/10 MP: 6/6
   574 | D:1      | Reached XP level 2. HP: 13/15 MP: 5/8
  1242 | D:2      | Reached XP level 3. HP: 12/19 MP: 2/10
  1416 | D:2      | Learned a level 2 spell: Searing Ray
  1420 | D:2      | Learned a level 3 spell: Tukima's Dance
  1594 | D:2      | Found Orae's Vocational Training.
  2667 | D:3      | Found a faded altar of an unknown god.
  2858 | D:3      | Found an ancient bone altar of Kikubaaqudgha.
  3035 | D:3      | Reached skill level 5 in Conjurations
  3035 | D:3      | Reached XP level 4. HP: 24/24 MP: 6/12
  3385 | D:4      | Noticed Blork the orc
  3539 | D:4      | Reached XP level 5. HP: 6/28 MP: 5/14
  3785 | D:4      | Killed Blork the orc
  3786 | D:4      | Reached skill level 5 in Spellcasting
  3943 | D:4      | Reached XP level 6. HP: 32/32 MP: 14/16
  4090 | D:4      | Found a stormy altar of Qazlal.
  4111 | D:4      | Reached skill level 6 in Conjurations
  4392 | D:4      | Found a shimmering altar of Xom.
  4444 | D:4      | Learned a level 4 spell: Fulminant Prism
  4449 | D:4      | Learned a level 4 spell: Iskenderun's Mystic Blast
  5016 | D:4      | Found a sacrificial altar of Ru.
  5087 | D:5      | Entered Level 5 of the Dungeon
  5096 | D:5      | Noticed a kobold demonologist
  5101 | D:5      | Noticed a hellwing
  5103 | D:5      | Noticed an orange demon
  5109 | D:5      | Noticed a sixfirhy
  5113 | D:5      | Mangled by a sixfirhy

Illustrated notes

Levels and vault maps discovered:
D:1:      dpeg_arrival_houses_and_road, layout_rooms
D:2:      layout_basic, nicolae_shop_vocational
D:3:      layout_loops_cross, general_overflow_altar,
          hellmonk_ecumenical_altar_zigzags
D:4:      layout_rooms, nicolae_ru_path_of_blood, grunt_qazlal_clouds,
          xom_butterflies, uniq_blork_the_orc
D:5:      layout_basic, lemuel_tele_altar, minmay_a_box_with_orc_wizards_in_it,
          uniq_grinder

Skill      XL: |  1  2  3  4  5  6 |
---------------+-------------------+-----
Stealth        | 3 4 |  4.2
Dodging        | 3 4 |  4.1
Spellcasting   | 4 5 |  5.9
Conjurations   | 5 6 |  6.1

Action                   |  1- 3 |  4- 6 || total
-------------------------+-------+-------++-------
Melee: Unarmed           |     1 |     4 ||     5
 Cast: Magic Dart        |    69 |    68 ||   137
       Searing Ray       |       |     9 ||     9
       Tukima's Dance    |       |     1 ||     1
Armor: Robe              |     4 |     1 ||     5
Dodge: Dodged            |    20 |    26 ||    46
